Map: Lightshade LE

Players

Reynor

  • Race: Zerg Zerg
  • League: Master
  • Spawn Location: 5:00

LiquidClem (Clem) - Winner!

  • Race: Terran Terran
  • League: Grandmaster
  • Spawn Location: 11:00

Event: DreamHack SC2 Masters 2020 Winter

VOD

Have the link to the VOD?

Description

Time

  • Played on: Nov. 14, 2020, 12:25 p.m.
  • Length: 9:16

All games in this series

Show
View Real Time Build Order
Export as new Build Order

Reynor Zerg 

Build Orders: Hatch First, Muta Ling Bane 

Get SALT Encoding   

  12  0:00  Drone  
  13  0:12  Overlord  
  13  0:17  Drone  
  14  0:30  Drone x2  
  16  0:47  Hatchery  
  15  0:50  Drone  
  15  0:53  Drone  
  17  0:57  Drone  
  18  1:07  Extractor  
  17  1:12  Spawning Pool  
  17  1:16  Drone  
  17  1:20  Drone  
  18  1:28  Drone  
  19  1:38  Drone  
  20  1:49  Overlord  
  20  1:59  Queen x2  
  20  2:00  Zergling x4  
  26  2:10  Drone x2  
  26  2:13  Metabolic Boost  
  28  2:20  Drone  
  28  2:22  Drone  
  30  2:32  Drone x2  
  30  2:36  Queen  
  34  2:42  Overlord  
  34  2:44  Drone  
  34  2:52  Pneumatized Carapace  
  34  2:53  Drone  
  35  3:05  Zergling x2  
  36  3:06  Drone x2  
  36  3:10  Overlord  
  36  3:11  Drone x2  
  40  3:18  Hatchery  
  40  3:19  Drone  
  40  3:20  Drone  
  40  3:25  Drone  
  42  3:30  Drone  
  42  3:32  Queen  
  45  3:35  Zergling x2  
  45  3:40  Drone x3  
  49  3:42  Overlord  
  49  3:45  Zergling x4  
  49  3:47  Drone  
  52  3:55  Overlord  
  52  4:00  Drone  
  52  4:02  Overlord  
  53  4:05  Drone  
  53  4:06  Lair  
  53  4:07  Queen  
  57  4:10  Drone  
  57  4:12  Drone x3  
  60  4:18  Zergling x2  
  60  4:19  Extractor  
  60  4:23  Overlord  
  60  4:27  Drone  
  61  4:31  Drone x2  
  61  4:36  Queen  
  65  4:38  Zergling x2  
  65  4:39  Zergling x2  
  65  4:40  Drone x2  
  65  4:42  Zergling x2  
  65  4:43  Drone  
  71  4:48  Drone  
  71  4:51  Drone, Spore Crawler  
  72  4:54  Overlord  
  72  4:55  Drone x3  
  75  5:00  Spore Crawler  
  75  5:01  Spore Crawler, Zergling x2  
  75  5:06  Zergling x4  
  76  5:07  Extractor, Spire  
  76  5:13  Drone x2  
  76  5:15  Drone  
  76  5:18  Extractor, Overlord  
  76  5:19  Zergling x2  
  76  5:20  Drone  
  78  5:22  Drone x3  
  78  5:24  Drone x2  
  83  5:29  Drone x3  
  83  5:30  Overlord  
  86  5:36  Drone  
  86  5:37  Drone  
  88  5:46  Zergling x8  
  88  5:48  Drone  
  86  5:51  Drone  
  86  5:53  Extractor  
  86  5:55  Baneling Nest, Extractor  
  86  5:56  Drone x5  
  87  5:58  Drone x2  
  87  6:04  Overlord  
  89  6:07  Zergling x4  
  90  6:12  Drone x2  
  90  6:17  Drone  
  93  6:24  Mutalisk x6  
  105  6:26  Hatchery  
  105  6:27  Zergling x6  
  105  6:28  Overlord  
  105  6:31  Zergling x4  
  109  6:34  Zerg Flyer Weapons Level 1  
  109  6:35  Evolution Chamber x2  
  109  6:36  Drone x2  
  109  6:38  Drone  
  110  6:43  Centrifical Hooks  
  110  6:46  Zergling x4  
  112  6:51  Overlord  
  112  6:53  Zergling x2  
  113  6:55  Baneling x7  
  113  6:59  Hatchery  
  108  7:05  Zergling x14  
  113  7:10  Mutalisk x3  
  113  7:13  Mutalisk  
  105  7:18  Zergling x4  
  105  7:19  Zergling x2  
  107  7:28  Mutalisk x2  
  107  7:29  Queen  
  108  7:32  Drone  
  109  7:37  Baneling  
  109  7:38  Baneling, Zergling x2  
  109  7:39  Zergling x2  
  109  7:41  Drone  
  110  7:47  Queen  
  110  7:49  Zergling x2  
  110  7:50  Zergling x4  
  109  8:01  Mutalisk x3  
  109  8:02  Zergling x4  
  113  8:07  Overlord x3  
  113  8:10  Mutalisk  
  113  8:11  Hatchery  
  107  8:17  Zergling x10  
  107  8:19  Drone, Hatchery  
  106  8:29  Mutalisk  
  106  8:30  Mutalisk  
  110  8:37  Zergling x2  
  111  8:43  Baneling x7  
  111  8:44  Drone x2  
  111  8:45  Drone x5  
  111  8:47  Baneling x2  
  118  8:51  Zergling x2  
  118  8:53  Baneling x2  
Show
View Real Time Build Order
Export as new Build Order

LiquidClem Terran - Winner!

Build Orders: Reaper Expand, Hellion Banshee 

Get SALT Encoding   

  12  0:00  SCV  
  13  0:12  SCV  
  14  0:17  Supply Depot  
  14  0:24  SCV  
  15  0:38  SCV  
  15  0:40  Barracks  
  16  0:43  Refinery  
  16  0:50  SCV  
  17  1:03  SCV  
  18  1:15  SCV  
  19  1:26  Reaper  
  19  1:27  Orbital Command  
  20  1:39  Command Center  
  20  1:47  Supply Depot  
  20  1:52  SCV  
  21  1:58  Marine  
  22  2:04  SCV  
  23  2:11  Factory  
  23  2:16  SCV  
  23  2:20  Barracks Reactor  
  24  2:29  SCV  
  25  2:38  Command Center  
  25  2:41  SCV  
  27  2:52  Orbital Command  
  27  2:55  SCV  
  27  2:58  Starport  
  27  3:04  Hellion  
  29  3:07  Hellion  
  29  3:09  SCV  
  29  3:12  Barracks Tech Lab  
  32  3:16  Refinery  
  32  3:18  SCV  
  33  3:21  SCV  
  34  3:27  Hellion  
  34  3:29  Hellion  
  34  3:30  SCV  
  34  3:33  SCV  
  40  3:42  SCV, Banshee  
  44  3:49  SCV  
  44  3:50  Hellion  
  44  3:51  Hellion  
  44  3:54  Orbital Command  
  49  3:56  SCV  
  49  3:58  Barracks Tech Lab  
  49  4:01  SCV  
  51  4:08  SCV  
  52  4:11  Supply Depot  
  52  4:12  Hellion x2  
  52  4:13  SCV  
  57  4:17  Stimpack  
  57  4:20  SCV  
  57  4:21  SCV  
  57  4:23  Marine  
  60  4:28  Barracks  
  60  4:31  SCV  
  60  4:35  Starport Reactor  
  60  4:36  Supply Depot  
  60  4:37  Barracks  
  61  4:40  SCV x2  
  61  4:42  Refinery  
  61  4:43  Marine  
  64  4:47  SCV  
  64  4:51  Engineering Bay  
  64  4:52  SCV, Engineering Bay  
  66  4:57  Siege Tank  
  66  4:59  Supply Depot  
  69  5:01  Marine, SCV  
  69  5:02  Refinery  
  69  5:05  SCV  
  73  5:12  Orbital Command  
  73  5:13  SCV  
  73  5:18  Marine  
  73  5:20  Barracks x2, Starport Reactor  
  74  5:23  Terran Infantry Armor Level 1, Terran Infantry Weapons Level 1  
  74  5:24  Marine x2  
  74  5:27  Supply Depot, Marine  
  77  5:30  SCV  
  77  5:33  Marine  
  79  5:36  Marine  
  79  5:37  Siege Tank  
  79  5:39  SCV x2  
  85  5:48  Marine x3  
  88  5:50  Supply Depot, Marine, SCV  
  88  5:53  SCV  
  88  5:54  SCV, Marine  
  89  5:58  Combat Shield  
  89  6:00  Medivac  
  89  6:01  Medivac  
  93  6:06  Supply Depot  
  93  6:10  Barracks Reactor  
  93  6:11  Marine x3, Barracks Reactor, SCV x3  
  93  6:12  Marine  
  100  6:20  Armory  
  100  6:21  Marine, Supply Depot  
  101  6:26  Supply Depot  
  101  6:28  SCV x3  
  101  6:29  Marine  
  105  6:36  Siege Tank  
  108  6:40  SCV  
  108  6:41  Supply Depot, Refinery  
  108  6:42  Marine x3, Medivac  
  114  6:48  Marine x5  
  114  6:49  Marine, Supply Depot  
  114  6:52  SCV  
  122  6:58  Supply Depot  
  122  6:59  Missile Turret  
  122  7:00  Marine x3  
  122  7:01  Missile Turret  
  124  7:06  Marine x3  
  124  7:07  Missile Turret  
  123  7:08  Siege Tank  
  123  7:11  SCV  
  123  7:12  SCV  
  123  7:14  Marine x2  
  123  7:15  Marine  
  119  7:16  SCV  
  119  7:19  Marine  
  119  7:21  Marine  
  122  7:24  SCV  
  122  7:25  Medivac x2  
  122  7:28  Marine x2  
  122  7:29  Marine x2  
  126  7:30  SCV  
  126  7:32  Marine  
  126  7:36  Factory  
  128  7:45  Marine  
  128  7:47  Marine  
  128  7:48  Marine x2  
  128  7:49  SCV x2  
  133  7:52  Marine  
  133  7:53  Supply Depot  
  133  7:54  Marine x2  
  133  7:55  Marine  
  133  7:57  SCV  
  138  8:04  Marine  
  136  8:05  Siege Tank  
  136  8:06  Medivac  
  136  8:07  Marine x2  
  136  8:09  Marine  
  136  8:10  Marine  
  136  8:11  SCV  
  136  8:12  Marine  
  133  8:13  Marine x3  
  130  8:22  Marine, Factory Reactor  
  130  8:25  Marine  
  130  8:26  Marine, Command Center  
  130  8:27  Marine  
  130  8:29  Medivac  
  132  8:34  Marine x2  
  132  8:35  Marine x3  
  132  8:37  Refinery  
  132  8:40  Marine  
  138  8:42  Marine  
  145  8:49  Supply Depot, Marine x2  
  145  8:52  Marine x3  
  145  8:55  Marine x2  
  149  8:57  Marine  
Tags
 
Add a new tag
Caveats
  • Supply blocks, unpowered buildings, or Contaminate may cause inaccurate times.
  • Supply counts are checked every 10 seconds.